AoeStats
← cdlm

Hideout

509651122Analyzed
1v1 RM · 5d ago on Sep 27, 2026· 23m 8s· 2 players
Game mode
Random Map
Map size
Tiny (2 player)
Population
200
Speed
Normal
Resources
Standard
Victory
Conquest
Starting age
Dark Age
Ending age
Imperial Age
RankedLock teamsTeams togetherTeam positionsShared explorationLock speedFull tech treeHidden civsTurbo modeCheats
Victory
Defeat
🇹🇷 Vikings · Türkiye
721
+17
🇨🇱 Celts · Chile
736
-17
abesveistigal
12:12 Feudal Age
13:15 Double-Bit Axe
13:14 Horse Collar
14:16 Loom
17:42 Castle Age
17:27 Fletching
17:37 Padded Archer Armor
18:06 Crossbowman
23:32 Squires
cdlm
5:52 Loom
10:34 Feudal Age
11:50 Town Watch
11:53 Double-Bit Axe
14:03 Horse Collar
15:03 Wheelbarrow
20:02 Castle Age
19:35 Stone Mining
19:40 Gold Mining
21:03 Town Patrol
24:08 Stone Shaft Mining
Connection lost

Rejoining the realm…

Still unreachable

The connection could not be restored.

Session expired

The server has moved on; the page needs a fresh start.